 Dungeon Crawl Stone Soup version 0.24.0-123-gd5b16e6ec5 (webtiles) character file.

Game seed: 2464742408704674515, levelgen mode: deterministic

12 vurker the Magician (level 2, -1/23 HPs)
             Began as a Gnoll Wanderer on Jan 30, 2020.
             Killed from afar by a dart slug (4 damage)
             ... with a slug dart
             ... on level 1 of the Dungeon.
             The game lasted 00:00:35 (81 turns).

vurker the Magician (Gnoll Wanderer)                  Turns: 81, Time: 00:00:35

Health: -1/23      AC:  2    Str: 13    XL:     2   Next: 33%
Magic:  7/7        EV: 11    Int: 11    God:
Gold:   0          SH:  0    Dex: 18    Spells: 10/10 levels left

rFire    . . .     SeeInvis .   a - +2 hand axe
rCold    . . .     Gourm    .   (no shield)
rNeg     . . .     Faith    .   c - +0 robe
rPois    .         Spirit   .   (no helmet)
rElec    .         Reflect  .   (no cloak)
rCorr    .         Harm     .   (no gloves)
MR       .....                  (no boots)
Stlth    ++........             (no amulet)
HPRegen  0.07/turn              (no ring)
MPRegen  0.10/turn              (no ring)

@: no status effects
A: distributed training, fangs 1, strong nose
a: no special abilities


You were on level 1 of the Dungeon.
You were not hungry.

You visited 1 branch of the dungeon, and saw 1 of its levels.

Inventory:

Hand Weapons
 a - a +2 hand axe (weapon)
Armour
 c - a +0 robe (worn)
Scrolls
 b - 2 scrolls of teleportation
 f - a scroll of identify {unknown}
Comestibles
 d - 3 chunks of flesh
 e - a ration


   Skills:
 + Level 2.4 Fighting
 + Level 0.3 Short Blades
 + Level 0.3 Long Blades
 + Level 2.4 Axes
 + Level 0.3 Maces & Flails
 + Level 0.3 Polearms
 + Level 0.3 Staves
 + Level 0.3 Slings
 + Level 0.3 Bows
 + Level 0.3 Crossbows
 + Level 0.3 Throwing
 + Level 2.4 Armour
 + Level 0.3 Dodging
 + Level 0.3 Stealth
 + Level 2.4 Shields
 + Level 0.3 Unarmed Combat
 + Level 4.9 Spellcasting
 + Level 0.2 Conjurations
 + Level 0.2 Hexes
 + Level 3.7 Charms
 + Level 0.2 Summonings
 + Level 0.2 Necromancy
 + Level 0.2 Translocations
 + Level 2.0 Transmutations
 + Level 0.2 Fire Magic
 + Level 0.2 Ice Magic
 + Level 0.2 Air Magic
 + Level 0.2 Earth Magic
 + Level 0.2 Poison Magic
 + Level 0.4 Invocations
 + Level 2.4 Evocations


You had 10 spell levels left.
You didn't know any spells.
Your spell library was empty.

Dungeon Overview and Level Annotations

Branches:
Dungeon (1/15)

Altars:


Innate Abilities, Weirdness & Mutations

Your experience applies equally to all skills.
You have very sharp teeth.
Your uncanny sense of smell can sniff out nearby items.


Message History

Found a scroll labeled MEJUCA TILIE.
f - a scroll labeled USALYH OHURPH A hobgoblin comes into view.
A hobgoblin is nearby!
A hobgoblin is nearby!
The hobgoblin shouts!
You hear a shout!
A kobold comes into view. It is wielding a +0 club.
A goblin comes into view. It is wielding a +0 club.
A goblin comes into view. It is wielding a -2 club.
An ooze and a kobold come into view.
A rat comes into view.
You barely miss the hobgoblin.
The goblin shouts!
The hobgoblin hits you.
You hit the hobgoblin. The hobgoblin hits you.
* * * LOW HITPOINT WARNING * * *
A dart slug comes into view.
An ooze comes into view.
The ooze quivers.
The goblin barely misses you. The goblin closely misses you.
The hobgoblin closely misses you.
You miss the goblin. The goblin closely misses you.
You slash the goblin!
You kill the goblin!
You hit the kobold.
You kill the kobold!
You hit the hobgoblin. The hobgoblin hits you.
* * * LOW HITPOINT WARNING * * *
You hit the hobgoblin.
You kill the hobgoblin!
Your Transmutations skill increases to level 2!
You hit the goblin. Your bite misses the goblin.
The goblin hits you but does no damage.
You hit the goblin.
You kill the goblin!
You slash the ooze! You bite the ooze. The ooze hits you but does no damage.
You hit the ooze.
You kill the ooze!
You have reached level 2!
You slash the kobold!
You kill the kobold!
You hit the rat.
You kill the rat!
The dart slug launches a dart at you. The slug dart hits you.
* * * LOW HITPOINT WARNING * * *
Items here: ))) ††† You hit the dart slug.
The dart slug launches a dart at you. The slug dart hits you.
You die...

.....# ##..........###...#
......##.................#
.......#.............#...#
...............J.#g....###
................r...)..#
.....##.......J.g###.###
..... #.......Kw.###..#
...........#######....#
........##.#....@w....#
.....##.##.#.####.##.##
..... #.##.#.#<.#.##.#
#.#.#..#.##.#
#.#.##.#.##.) #....#.##..
######.# ... ...


You could see a dart slug.

Vanquished Creatures
  An ooze (D:1)
  2 goblins (D:1)
  2 hobgoblins (D:1)
  2 kobolds (D:1)
  A rat (D:1)
8 creatures vanquished.

Notes
Turn   | Place    | Note
-------+----------+-------------------------------------------
     0 | D:1      | vurker the Gnoll Wanderer began the quest for the Orb.
     0 | D:1      | vurker set off with the following items: a +2 hand axe, a
                  | scroll of teleportation, a +0 robe, a ration
     0 | D:1      | Reached XP level 1. HP: 17/17 MP: 6/6
    77 | D:1      | Reached XP level 2. HP: 6/23 MP: 7/7
    81 | D:1      | Killed from afar by a dart slug

Levels and vault maps discovered:
D:1:      zelgadis_glass_arrival_small, layout_rooms,
          hangedman_decor_peaks_small

Skill      XL: |  1 |
---------------+----+-----
Transmutations | 2 |  2.0
Fighting       | |  2.4
Short Blades   | |  0.3
Long Blades    | |  0.3
Axes           | |  2.4
Maces & Flails | |  0.3
Polearms       | |  0.3
Staves         | |  0.3
Slings         | |  0.3
Bows           | |  0.3
Crossbows      | |  0.3
Throwing       | |  0.3
Armour         | |  2.4
Dodging        | |  0.3
Stealth        | |  0.3
Shields        | |  2.4
Unarmed Combat | |  0.3
Spellcasting   | |  4.9
Conjurations   | |  0.2
Hexes          | |  0.2
Charms         | |  3.7
Summonings     | |  0.2
Necromancy     | |  0.2
Translocations | |  0.2
Fire Magic     | |  0.2
Ice Magic      | |  0.2
Air Magic      | |  0.2
Earth Magic    | |  0.2
Poison Magic   | |  0.2
Invocations    | |  0.4
Evocations     | |  2.4

Action                   || total
-------------------------++-------
Melee: Hand axe          ||    15
       Bite              ||     1
Armor: Robe              ||     1
Dodge: Dodged            ||     4
